 Dungeon Crawl Stone Soup version 0.21.1-1-g345015f (webtiles) character file.

93 inc the Cudgeler (level 4, -1/35 HPs)
             Began as a Demonspawn Monk on June 9, 2018.
             Slain by Grinder (4 damage)
             ... on level 3 of the Dungeon.
             The game lasted 00:02:27 (2195 turns).

inc the Cudgeler (Demonspawn Monk)                  Turns: 2195, Time: 00:02:28

Health: -1/35      AC:  6    Str: 12    XL:     4   Next: 37%
Magic:  4/4        EV: 12    Int: 12    God:
Gold:   141        SH:  0    Dex: 15    Spells: 3/3 levels left

rFire    . . .     SeeInvis .   a - +0 mace
rCold    . . .     Gourm    .   (no shield)
rNeg     . . .     Faith    .   f - +0 ring mail
rPois    .         Spirit   .   (no helmet)
rElec    .         Reflect  .   (no cloak)
rCorr    .         Harm     .   p - +0 pair of gloves (curse)
MR       .....                  (no boots)
Stlth    +.........             (no amulet)
HPRegen  0.11/turn              (no ring)
MPRegen  0.09/turn              (no ring)

@: no status effects
A: hooves 1, demonic guardian 1
a: no special abilities


You were on level 3 of the Dungeon.
You were not hungry.

You visited 1 branch of the dungeon, and saw 3 of its levels.

You collected 141 gold pieces.

Inventory:

Hand Weapons
 a - a +0 mace (weapon)
Armour
 b - a +0 robe
 f - a +0 ring mail (worn)
 p - a cursed +0 pair of gloves (worn)
Scrolls
 e - a scroll of immolation {unknown}
 g - a scroll of remove curse
 h - 2 scrolls of fear {unknown}
 i - a scroll of fog {unknown}
 j - a scroll of enchant armour {unknown}
 k - 2 scrolls of identify {unknown}
 m - a scroll of teleportation {unknown}
 n - a scroll of noise {unknown}
 o - a scroll of enchant weapon {unknown}
Potions
 d - 2 potions of heal wounds {unknown}
 l - a potion of lignification {unknown}
Comestibles
 c - 10 rations


   Skills:
 - Level 3.0 Fighting
 + Level 4.3 Maces & Flails
 - Level 3.2 Dodging
 - Level 1.7 Stealth


You had 3 spell levels left.
You didn't know any spells.

Dungeon Overview and Level Annotations

Branches:
Dungeon (3/15)

Altars:

Annotations:
D:3 Grinder


Innate Abilities, Weirdness & Mutations

You have large cloven feet.
A weak demonic guardian rushes to your aid.


Message History

Unknown command.
You closely miss Grinder. Your kick misses Grinder.
Grinder is lightly wounded.
Grinder says, "I used to sell toenails on the black market."
Grinder gestures at you.
You barely resist.
Your iron imp hits Grinder but does no damage.
The kobold closely misses you.
A goblin comes into view. It is wielding a staff of cold.
You hit Grinder.
Grinder is moderately wounded.
Grinder gestures at you. Pain shoots through your body!
* * * LOW HITPOINT WARNING * * *
Your iron imp hits Grinder.
The kobold hits you with a short sword.
* * * LOW HITPOINT WARNING * * *
Grinder hits you.
* * * LOW HITPOINT WARNING * * *
You writhe in agony.
You die...

....≈≈≈♣.≈≈≈≈≈.......##
#....≈≈≈._♣≈≈≈.≈....#.##
..<.≈≈≈≈≈≈≈≈≈≈......#..#
#.≈.≈≈≈≈≈≈≈≈≈)≈.......#
#...≈≈≈≈≈≈≈≈≈≈≈........
#...≈≈≈≈≈≈≈≈≈.≈........
#..≈....≈....≈.........
#....≈....≈≈.≈.†......#
#....5@###......#......
#....K5# #......#......
#......# #############.
........# ########....
........# #...........
.g......# #...........
..####### #...........
.. #...........
#...........


You could see Grinder, a goblin, a kobold and a friendly iron imp.

Vanquished Creatures
  An orc wizard (D:3)
  An adder (D:2)
  An ooze (D:3)
  A worm (D:3)
  A dart slug (D:2)
  A leopard gecko (D:3)
  2 orcs (D:3)
  2 ball pythons (D:2)
  3 giant cockroaches
  5 goblins (D:1)
  2 hobgoblins
  6 kobolds
  3 quokkas
  5 bats
  3 frilled lizards
  8 rats
45 creatures vanquished.

Vanquished Creatures (collateral kills)
  2 orcs (D:3)
  A bat (D:3)
3 creatures vanquished.

Grand Total: 48 creatures vanquished

Notes
Turn   | Place    | Note
-------+----------+-------------------------------------------
     0 | D:1      | inc the Demonspawn Monk began the quest for the Orb.
     0 | D:1      | Reached XP level 1. HP: 18/18 MP: 1/1
   467 | D:1      | Gained mutation: You have large cloven feet. [demonic ancestry]
   467 | D:1      | Reached XP level 2. HP: 23/24 MP: 2/2
   735 | D:1      | Reached skill level 3 in Maces & Flails
  1124 | D:2      | Gained mutation: A weak demonic guardian rushes to your aid. [demonic ancestry]
  1124 | D:2      | Reached XP level 3. HP: 12/29 MP: 3/3
  1854 | D:3      | Reached skill level 4 in Maces & Flails
  1861 | D:3      | Reached XP level 4. HP: 21/35 MP: 4/4
  2179 | D:3      | Found a faded altar of an unknown god.
  2187 | D:3      | Noticed Grinder
  2195 | D:3      | Slain by Grinder

Skill      XL: |  1  2  3 |
---------------+----------+-----
Dodging        | 3 |  3.2
Maces & Flails | 3 4 |  4.3
Fighting       | |  3.0
Stealth        | |  1.7

Action                   |  1- 3 |  4- 6 || total
-------------------------+-------+-------++-------
Melee: Mace              |   116 |    21 ||   137
       Kick              |    20 |     5 ||    25
  Use: Scroll            |     1 |       ||     1
 Stab: Sleeping          |     9 |       ||     9
  Eat: Chunk             |     3 |     1 ||     4
Armor: Robe              |    10 |       ||    10
       Ring mail         |    26 |     3 ||    29
Dodge: Dodged            |    85 |    10 ||    95
